AoeStats
← MJAI

Lombardia

509309450Analyzed
4v4 RM · 7d ago on Sep 26, 2026· 39m 58s· 8 players
Game mode
Random Map
Map size
Large (8 player)
Population
200
Speed
Normal
Resources
Standard
Victory
Conquest
Starting age
Dark Age
Ending age
Imperial Age
RankedLock teamsTeams togetherTeam positionsShared explorationLock speedFull tech treeHidden civsTurbo modeCheats
Victory
Defeat
🇭🇰 Persians · Hong Kong SAR China
1724
+4
🇭🇰 Varangians · Hong Kong SAR China
1594
+7
🇨🇳 Mongols · China
1392
+15
🇭🇰 Gurjaras · Hong Kong SAR China
874
+31
🇬🇧 Franks · United Kingdom
1392
-15
🇭🇰 Saxons · Hong Kong SAR China
1361
-14
🇺🇸 Hindustanis · United States
1359
-14
🇷🇺 Varangians · Russia
1342
-14
DEMLOUDBOYZ
9:01 Feudal Age
10:06 Double-Bit Axe
10:39 Horse Collar
14:10 Scale Barding Armor
16:08 Forging
18:33 Wheelbarrow
21:36 Castle Age
22:28 Bow Saw
22:39 Heavy Plow
23:23 Hand Cart
23:36 Husbandry
24:34 Hand Cart
26:03 Gold Mining
26:07 Stone Mining
27:46 Gold Shaft Mining
27:30 Fervor
28:12 Stone Shaft Mining
32:25 Imperial Age
31:46 Iron Casting
33:16 Chain Barding Armor
33:05 Heavy Camel Rider
33:57 Bloodlines
34:32 Plate Barding Armor
35:15 Chemistry
35:55 Two-Man Saw
36:11 Blast Furnace
35:31 Imperial Camel Rider
36:29 Caravan
38:12 Masonry
lLuxo
8:48 Loom
10:58 Feudal Age
16:28 Castle Age
14:42 Horse Collar
17:46 Double-Bit Axe
18:51 Heavy Plow
23:14 Bow Saw
27:00 Wheelbarrow
28:30 Hand Cart
31:05 Forging
30:55 Scale Mail Armor
33:39 Iron Casting
34:03 Squires
33:49 Arson
34:24 Chain Mail Armor
38:41 Imperial Age
36:55 Caravan
Soul Ledger
11:39 Feudal Age
13:06 Loom
15:56 Castle Age
14:09 Double-Bit Axe
15:52 Wheelbarrow
17:15 Bow Saw
27:18 Caravan
31:22 Imperial Age
30:03 Husbandry
30:50 Scale Barding Armor
32:19 Chivalry
32:40 Conscription
32:39 Gold Mining
33:30 Chain Barding Armor
32:50 Cavalier
34:03 Forging
cls
3:21 Loom
11:17 Feudal Age
11:47 Horse Collar
11:53 Double-Bit Axe
14:40 Stone Mining
14:43 Gold Mining
20:14 Castle Age
21:21 Bow Saw
21:12 Heavy Plow
21:52 Gold Shaft Mining
22:37 Squires
23:25 Forging
23:15 Scale Mail Armor
24:28 Wheelbarrow
25:22 Town Watch
25:28 Arson
25:43 Clerical Recruitment
30:45 Imperial Age
29:13 Chain Mail Armor
30:11 Iron Casting
31:05 Hand Cart
32:00 Conscription
31:33 Shield Wall
32:45 Hand Cart
35:34 Two-Man Saw
35:25 Scale Barding Armor
35:51 Plate Mail Armor
36:09 Bloodlines
35:59 Husbandry
35:19 Light Cavalry
36:35 Chain Barding Armor
37:16 Hoardings
36:14 Elite Hearth Troop
37:07 Hussar
40:11 Hoardings
hckwok823
10:35 Feudal Age
12:53 Double-Bit Axe
14:25 Loom
17:21 Castle Age
15:16 Gold Mining
18:32 Bow Saw
19:24 Horse Collar
20:45 Wheelbarrow
20:11 Town Watch
22:39 Hand Cart
22:44 Heavy Plow
26:56 Gold Shaft Mining
26:19 Stone Mining
26:39 Scale Mail Armor
32:24 Imperial Age
31:17 Chain Mail Armor
31:12 Forging
33:32 Conscription
32:43 Elite Chakram Thrower
34:26 Chemistry
34:46 Crop Rotation
35:15 Plate Mail Armor
35:20 Iron Casting
35:59 Kshatriyas
36:28 Arson
39:00 Light Cavalry
39:51 Bloodlines
39:41 Husbandry
39:34 Siege Elephant
MJAI
10:56 Feudal Age
10:00 Loom
14:42 Castle Age
13:32 Double-Bit Axe
20:00 Bow Saw
21:17 Horse Collar
23:08 Wheelbarrow
24:53 Heavy Plow
26:00 Hand Cart
27:21 Stone Mining
27:21 Gold Mining
28:11 Town Watch
31:38 Imperial Age
29:54 Stone Shaft Mining
29:54 Gold Shaft Mining
30:31 Scale Barding Armor
30:37 Forging
31:34 Chain Barding Armor
31:27 Bloodlines
31:17 Husbandry
32:28 Conscription
31:29 Elite War Elephant
32:58 Crop Rotation
33:15 Iron Casting
33:54 Citadels
34:24 Plate Barding Armor
34:56 Blast Furnace
35:24 Coinage
36:51 Banking
36:32 Guilds
38:07 Two-Man Saw
hide1914
6:16 Loom
9:15 Feudal Age
9:47 Double-Bit Axe
10:15 Horse Collar
13:36 Forging
17:14 Wheelbarrow
20:21 Castle Age
18:46 Gold Mining
18:50 Stone Mining
20:18 Gold Mining
21:23 Bow Saw
21:14 Heavy Plow
22:00 Iron Casting
24:18 Scale Barding Armor
25:35 Husbandry
26:37 Bloodlines
31:14 Hand Cart
32:45 Chain Barding Armor
36:01 Imperial Age
34:20 Stone Shaft Mining
37:42 Blast Furnace
37:04 Conscription
36:11 Elite Jarl
37:58 Plate Barding Armor
300P 4V4
10:32 Feudal Age
12:04 Double-Bit Axe
14:48 Castle Age
12:58 Stone Mining
13:49 Loom
15:58 Wheelbarrow
15:47 Bow Saw
16:35 Horse Collar
19:36 Horse Collar
24:44 Hand Cart
24:48 Gold Mining
26:11 Gold Shaft Mining
26:57 Stone Shaft Mining
26:59 Heavy Plow
31:04 Imperial Age
29:38 Fletching
30:18 Ballistics
30:16 Padded Archer Armor
30:44 Bodkin Arrow
30:54 Scale Barding Armor
31:33 Leather Archer Armor
32:07 Bloodlines
31:21 Elite Mangudai
32:22 Conscription
32:20 Thumb Ring
34:00 Chemistry
33:13 Husbandry
32:34 Light Cavalry
33:24 Bracer
34:26 Chain Barding Armor
34:40 Parthian Tactics
36:12 Forging
35:42 Heavy Cavalry Archer
37:22 Hussar
Connection lost

Rejoining the realm…

Still unreachable

The connection could not be restored.

Session expired

The server has moved on; the page needs a fresh start.